 Dungeon Crawl Stone Soup version 0.30-a0-371-gad7725a93e (webtiles) character file.

Game seed: 14611479709478862079

1206 sanka the Skirmisher (level 8, -8/63 HPs)
             Began as a Demigod Hexslinger on Nov 23, 2022.
             Mangled by an iguana (11 damage)
             ... on level 5 of the Dungeon.
             The game lasted 00:08:46 (4662 turns).

sanka the Skirmisher (Demigod Hexslinger)           Turns: 4662, Time: 00:08:47

Health: -8/63      AC:  5    Str: 10    XL:     8   Next: 1%
Magic:  12/12      EV: 12    Int: 14    God:
Gold:   200        SH:  0    Dex: 23    Spells: 8/9 levels left

rFire   . . .      SeeInvis .    a - +0 shortbow
rCold   + . .      Faith    .    (shield currently unavailable)
rNeg    + . .      Spirit   .    c - +0 robe
rPois   +          Reflect  .    (no helmet)
rElec   .          Harm     .    t - +2 ratskin cloak {*Rats rPois rN+ Str-1 Int-1 Dex+1}
rCorr   .          Rampage  .    (no gloves)
Will    .....                    (no boots)
Stlth   ++........               (no amulet)
HPRegen 0.30/turn                (no ring)
MPRegen 0.13/turn                o - ring of protection from cold

@: hasted, very quick
A: high MP 1, forlorn, divine attributes
a: no special abilities


You were on level 5 of the Dungeon.
You visited 1 branch of the dungeon, and saw 5 of its levels.
You also visited: Ossuary.

You collected 200 gold pieces.


Innate Abilities, Weirdness & Mutations

You have an increased reservoir of magic. (+10% MP)
You shall have no god before yourself.
Your divine heritage dramatically boosts your attributes as you level up.


   Skills:
 - Level 3.0 Fighting
 + Level 8.7 Ranged Weapons
 - Level 1.7 Dodging
 - Level 1.0 Spellcasting
 - Level 2.6 Hexes


You had 8 spell levels left.
You knew the following spells:

 Your Spells              Type           Power      Damage    Failure   Level
z - Slow                  Hex            32%        N/A       9%          1

Your spell library contained the following spells:

 Spells                   Type           Power      Damage    Failure   Level
 Freeze                   Ice            0%         1d3       26%         1
 Inner Flame              Hex/Fire       4%         N/A       41%         3
 Portal Projectile        Hex/Tloc       8%         N/A       41%         3
 Frozen Ramparts          Ice            0%         1d1       61%         3
 Hailstorm                Conj/Ice       0%         3d3       61%         3
 Cause Fear               Hex            4%         N/A       65%         4
 Ice Form                 Ice/Tmut       0%         N/A       95%         4
 Summon Ice Beast         Ice/Summ       0%         N/A       95%         4

Inventory:

Hand Weapons
 a - a +0 shortbow (weapon)
 F - a +1 sling
Armour
 c - a +0 robe (worn)
 l - a scarf of resistance
 t - the +2 ratskin cloak (worn) {*Rats rPois rN+ Str-1 Int-1 Dex+1} When the wearer is hurt, rats may emerge from it to assist them. Str: It affects your strength (-1). Int: It affects your intelligence (-1). Dex: It affects your dexterity (+1). rPois: It protects you from poison. rN: It protects you from negative energy.
 C - a +0 pair of gloves
Jewellery
 o - a ring of protection from cold (right hand)
Wands
 G - a wand of light (5)
Scrolls
 b - 2 scrolls of poison {!r}
 d - a scroll of acquirement {unknown}
 f - 3 scrolls of vulnerability {unknown}
 h - 4 scrolls of teleportation {unknown}
 i - a scroll of butterflies {unknown}
 j - 8 scrolls of identify {unknown}
 k - 3 scrolls of magic mapping {unknown}
 m - a scroll of enchant weapon {unknown}
 p - 4 scrolls of blinking {unknown}
 q - a scroll of fear {unknown}
 r - a scroll of torment {unknown}
 v - 2 scrolls of noise {unknown}
 w - a scroll of enchant armour {unknown}
 y - 3 scrolls of amnesia {unknown}
 A - 3 scrolls of brand weapon {unknown}
 D - a scroll of silence {unknown}
Potions
 e - 2 potions of haste {@q3}
 g - a potion of lignification {!q}
 n - a potion of invisibility {unknown}
 s - a potion of attraction {unknown}
 u - 2 potions of curing {unknown}
 x - a potion of flight {unknown}
 z - a potion of degeneration {unknown}
 B - 2 potions of mutation {unknown}
 E - a potion of resistance {unknown}

Dungeon Overview and Level Annotations

Branches:
Dungeon (5/15)             Temple (0/1) D:4         Ossuary (visited)

▒............▒
▒....▒▒▒▒▒▒
▒......▒▒▒▒▒▒▒
▒▒▒▒▒▒ ▒▒▒▒▒..▒
▒ ▒..▒ .
▒..▒▒.▒▒▒
▒.▒▒.▒▒.▒▒
▒.▒▒.▒.▒h▒ ▒
▒.▒.).▒r.▒..
▒.▒▒.pl▒.†.▒
▒.▒..▒....▒....
▒.▒...▒.....▒...
▒.▒.....▒......▒
▒..▒.......▒...
▒▒.............
▒.............
▒▒▒▒▒▒▒▒▒▒▒▒▒


You could see a black bear (berserk, distracted, ally target), an iguana and a
friendly hell rat.


Message History

The iguana attacks as you move away! The iguana bites you.
* * * LOW HITPOINT WARNING * * *
The black bear attacks as you move away!
The black bear bites you!
* * * LOW HITPOINT WARNING * * *
The black bear claws you but does no damage.
The black bear claws you.
* * * LOW HITPOINT WARNING * * *
Your river rat barely misses the black bear.
The black bear bites you.
* * * LOW HITPOINT WARNING * * *
The black bear claws you but does no damage.
The black bear claws you but does no damage.
The black bear bites you.
* * * LOW HITPOINT WARNING * * *
The black bear closely misses you. The black bear claws you.
* * * LOW HITPOINT WARNING * * *
The iguana bites you but does no damage.
Your river rat bites the black bear but does no damage.
The black bear claws your river rat but does no damage.
Your river rat barely misses the black bear.
The black bear bites your river rat!
Your river rat dies!
It was a potion of haste.
You feel yourself speed up.
Your hell rat bites the black bear.
The iguana bites you!
You die...

Action                   |  1- 3 |  4- 6 |  7- 9 || total
-------------------------+-------+-------+-------++-------
Melee: Unarmed           |       |    16 |       ||    16
 Fire: Sling             |   178 |   308 |    16 ||   502
       Shortbow          |       |       |    68 ||    68
  Use: Potion            |       |     1 |     1 ||     2
Armor: Robe              |    24 |    53 |     9 ||    86
       Skin              |       |     7 |       ||     7
Dodge: Dodged            |    82 |   109 |    22 ||   213

Levels and vault maps discovered:
D:1:      wander_arrival_estate, layout_loops_ring, serial_forest,
          infiniplex_forest_straight_2, infiniplex_forest_corner_1,
          infiniplex_forest_lined_2, infiniplex_forest_clump_diagonal,
          infiniplex_forest_lined_corner, infiniplex_forest_lined_2,
          infiniplex_forest_straight_3, infiniplex_forest_lined_2
D:2:      layout_rooms, minmay_joined_circles
D:3:      layout_rooms, nicolae_tso_besieged_by_evil, dreamdust_princess_bridge,
          uniq_terence
D:4:      layout_basic, demons_altar, minmay_temple_entry_trees,
          nicolae_ossuary_entry_false_entrances, uniq_grinder
D:5:      layout_basic, hangedman_abyss_or_decor_jellyfish_corner,
          minmay_increasing_density

Notes
Turn   | Place    | Note
-------+----------+-------------------------------------------
     0 | D:1      | sanka the Demigod Hexslinger began the quest for the Orb.
     0 | D:1      | Reached XP level 1. HP: 15/15 MP: 4/4
    40 | D:1      | Reached skill level 2 in Ranged Weapons
   219 | D:1      | Reached XP level 2. HP: 22/22 MP: 5/5
   311 | D:1      | Reached skill level 3 in Ranged Weapons
   656 | D:1      | Reached XP level 3. HP: 27/27 MP: 6/6
   881 | D:2      | Identified a scarf of resistance
  1306 | D:3      | Found the +2 ratskin cloak {*Rats rPois rN+ Str-1 Int-1
                  | Dex+1}
  1309 | D:3      | Reached skill level 4 in Ranged Weapons
  1431 | D:3      | Reached XP level 4. HP: 33/34 MP: 8/8
  1497 | D:3      | Noticed Terence
  1519 | D:3      | Killed Terence
  2273 | D:4      | Found a sand-covered staircase.
  2323 | D:4      | Reached skill level 5 in Ranged Weapons
  2328 | D:4      | Reached XP level 5. HP: 13/39 MP: 9/9
  2546 | D:4      | HP: 3/39 [giant cockroach (2)]
  2546 | D:4      | HP: 1/39 [giant cockroach (2)]
  2695 | Ossuary  | Entered an ossuary
  2991 | Ossuary  | Reached skill level 6 in Ranged Weapons
  2991 | Ossuary  | Reached XP level 6. HP: 29/46 MP: 10/10
  3238 | Ossuary  | Reached skill level 7 in Ranged Weapons
  3644 | D:4      | Found a staircase to the Ecumenical Temple.
  3644 | D:4      | Noticed Grinder
  3666 | D:4      | Killed Grinder
  3667 | D:4      | Reached skill level 2 in Fighting
  3667 | D:4      | Reached XP level 7. HP: 25/55 MP: 11/11
  4159 | D:5      | Entered Level 5 of the Dungeon
  4299 | D:5      | Noticed a wraith
  4314 | D:5      | Killed a wraith
  4315 | D:5      | Reached skill level 3 in Fighting
  4315 | D:5      | Reached skill level 8 in Ranged Weapons
  4654 | D:5      | Reached XP level 8. HP: 55/63 MP: 12/12
  4659 | D:5      | HP: 6/63 [black bear (2)]
  4662 | D:5      | Mangled by an iguana

Vanquished Creatures
  Grinder (D:4)
  A wraith (D:5)
  An ogre (D:5)
  2 elf zombies (Ossuary)
  A centaur zombie (Ossuary)
  A hound (D:5)
  3 iron imps (D:4)
  3 jellies
  3 iguanas
  A human zombie (Ossuary)
  Terence (D:3)
  2 mummies (Ossuary)
  4 gnolls
  4 adders
  A white imp (D:2)
  3 dart slugs
  3 orcs (D:3)
  5 ball pythons
  5 endoplasms
  3 giant cockroaches
  5 goblins
  8 hobgoblins
  3 quokkas
  8 bats
  A frilled lizard (D:1)
  A goblin skeleton (D:3)
  A goblin zombie (D:3)
  12 hobgoblin zombies
  7 kobolds
  2 kobold skeletons (D:3)
  12 kobold zombies
  12 orc zombies
  3 rats
  A rat zombie (Ossuary)
124 creatures vanquished.

Vanquished Creatures (collateral kills)
  A human zombie (Ossuary)
  A gnoll bouda (D:4)
  A gnoll (D:4)
  An orc zombie (Ossuary)
4 creatures vanquished.

Grand Total: 128 creatures vanquished
